cohdb
Replays
Latest Replays
All Replays
Popular Replays
Top Player Replays
Match Explorer
How It Works
Community
CoH3 Stats
Reddit
Sign in to upload your games and track your stats! →
Sign in with Steam
Match 41964088
Unlisted
Match 41964088
Overview
Messages
Build Orders
End
Scout Squad
Engineer Squad
Construct Barracks
Riflemen Squad
Riflemen Squad
Construct Medical Station
Selects Airborne Battlegroup
Selects Heavy Machine Gun Paradrop
Selects Paratrooper Squad Paradrop
Paratrooper Squad Paradrop
Infantry Support Center
Selects Recon Loiter
Grenade Package
Survival Training
Paratrooper Squad Paradrop
M1918 Browning Automatic Rifles
Recon Loiter
Paratrooper Squad Paradrop
Selects Supply Drop
Selects Paradrop Reinforcements
Paratrooper Squad Paradrop
Advanced Logistics
Heavy Machine Gun Paradrop
Dewendead
Dawes
Whitent
Yami
Tur75
PotatoBotVR
KOSCHEI
Spartan79
0
0
Comments
sign in to comment!
No comments posted yet!